 Dungeon Crawl Stone Soup version 0.17-a0-2127-g1cb09f6 (webtiles) character file.

14390 Gruud the Martial Artist (level 11, 0/90 HPs)
             Began as a Demonspawn Transmuter on Oct 22, 2015.
             Was an Elder of Makhleb.
             Killed from afar by a lich (18 damage)
             ... with a bolt of acid
             ... on level 1 of the Abyss.
             The game lasted 01:13:19 (15724 turns).

Gruud the Martial Artist (Demonspawn Transmuter)   Turns: 15724, Time: 01:13:19

Health: 0/90       AC: 16    Str: 12      XL:     11   Next: 88%
Magic:  0/12       EV: 11    Int: 14      God:    Makhleb [****..]
Gold:   521        SH:  0    Dex: 14 (16) Spells: 3 memorised, 5 levels left

rFire  + + .     SeeInvis .       - Unarmed
rCold  + . .     Clarity  .     e - +2 ring mail {rF+}
rNeg   . . .     SustAt   .     (no shield)
rPois  .         Gourm    .     x - +0 helmet
rElec  .         Spirit   +     T - +0 cloak
rCorr  .         Warding  .     P - +0 pair of gloves
rMut   .         Stasis   .     (no boots)
MR     +....                    (no amulet)
Stlth  ++++......               f - ring of protection from magic
                                D - ring of stealth

@: somewhat resistant to hostile enchantments, stealthy
A: talons 2, slimy green scales 2, cold resistance 1, fire resistance 1, low mp
1, nightstalker 2, magic shield, magic regeneration, MP-powered wands
a: Minor Destruction, Lesser Servant of Makhleb, Major Destruction, Renounce
Religion


You were on level 1 of the Abyss.
You worshipped Makhleb.
Makhleb was greatly pleased with you.
You were not hungry.

You visited 3 branches of the dungeon, and saw 14 of its levels.
You visited the Abyss 1 time.

You collected 745 gold pieces.
You spent 224 gold pieces at shops.

Inventory:

Hand Weapons
 b - a +0 blowgun
Missiles
 l - 4 javelins (quivered)
 s - 75 poisoned needles
 E - 2 throwing nets
 J - 2 tomahawks of returning
 Y - 6 exploding tomahawks
Armour
 e - a +2 ring mail of fire resistance (worn)
 x - a +0 helmet (worn)
 P - a +0 pair of gloves (worn)
 T - a +0 cloak (worn)
Jewellery
 f - a ring of protection from magic (right hand)
 m - an uncursed ring of protection from cold
 v - an uncursed ring of protection from fire
 D - a ring of stealth (left hand)
Wands
 a - a wand of heal wounds (0)
 c - a wand of cold (4)
 o - a wand of digging (12)
 r - a wand of paralysis (10)
 F - a wand of digging (14)
 R - a wand of digging (6)
 S - a wand of draining (8)
 U - a wand of fire (8)
 V - a wand of lightning (9)
 Z - a wand of slowing (5)
Scrolls
 h - a scroll of magic mapping
 k - 2 scrolls of fear
 n - 5 scrolls of noise
 q - a scroll of silence
 t - 2 scrolls of fog
 y - 6 scrolls of blinking
 C - 4 scrolls of remove curse
Potions
 j - 3 potions of curing
 p - 3 potions of flight
 u - 2 potions of haste
 w - 3 potions of brilliance
 B - 3 potions of agility
 H - a potion of magic {unknown}
 L - 3 potions of resistance
 M - 3 potions of might
 O - a potion of cancellation {unknown}
 W - 2 potions of cure mutation
Books
 g - a book of Transfigurations

   Spells                             Type                      Level
   a - Stoneskin                      Transmutation/Earth          2
   b - Irradiate                      Conjuration/Transmutation    5
   c - Statue Form                    Transmutation/Earth          6
   d - Hydra Form                     Transmutation                6
   e - Dragon Form                    Transmutation                7
 G - a book of Dreams

   Spells                             Type                      Level
   a - Ensorcelled Hibernation        Hexes/Ice                    2
   b - Phase Shift                    Translocation                5
   c - Shadow Creatures               Summoning                    5
   d - Silence                        Hexes/Air                    5
   e - Darkness                       Hexes                        6
   f - Mass Confusion                 Hexes                        6
Miscellaneous
 i - a plain deck of defence
 K - a sack of spiders
Comestibles
 d - 11 bread rations
 A - 6 fruits
 Q - 6 meat rations
 X - 5 beef jerkies


   Skills:
 + Level 10.0 Fighting
 + Level 9.0 Armour
 - Level 2.0 Dodging
 * Level 12.8 Unarmed Combat
 - Level 2.0 Spellcasting
 - Level 1.7 Transmutations
 - Level 4.1 Invocations


You had 5 spell levels left.
You knew the following spells:

 Your Spells              Type           Power        Failure   Level  Hunger
a - Cure Poison           Pois           #.........   71%         2    ###....
c - Stoneskin             Trmt/Erth      #.......     58%         2    ###....
d - Blade Hands           Trmt           #.........   100%        5    ######.


Dungeon Overview and Level Annotations

Branches:
Dungeon (12/15)            Temple (1/1) D:4            Lair (1/8) D:8
    Orc (0/4) D:11

Altars:
Ashenzari
Cheibriados
Dithmenos
Elyvilon
Fedhas
Gozag
Kikubaaqudgha
Makhleb
Nemelex Xobeh
Okawaru
Ru
Sif Muna
Vehumet
Xom
Yredelemnul
Zin
The Shining One

Shops:
D:6 *   D:10 (

Annotations:
D:4 nublet's ghost, novice DsGl
D:5 youngkai's ghost, novice MiBe
D:6 exclusion: door, Blork the orc
Lair:1 Sonja


Innate Abilities, Weirdness & Mutations

You have razor-sharp toenails.
You are mostly covered in slimy green scales (AC +3).
You are significantly more attuned to the shadows.
When hurt, damage is shared between your health and your magic reserves.
You regenerate magic rapidly.
Your flesh is cold resistant.
Your flesh is heat resistant.
Your magical capacity is low (-10% MP).
You expend magic power (3 MP) to strengthen your wands.


Message History

The lich shouts!
The lich casts a spell at you. You resist with significant effort.
A starcursed mass comes into view.
The starcursed mass shrieks in your mind.
The lich casts a spell at you.
The bolt of acid hits your orange demon.
The bolt of acid hits you!
* * * LOW HITPOINT WARNING * * *
The acid burns!
* * * LOW HITPOINT WARNING * * *
Your orange demon stings the lich but does no damage.
The starcursed mass shrieks in your mind.
* * * LOW HITPOINT WARNING * * *
Your orange demon misses the lich.
Your orange demon hits the lich but does no damage.
Unknown command.
The lich casts a spell at you. The bolt of acid hits you!
You die...

# # ### .
#...###.# .. #
##.#..####..#
###...##X..X..
...h#..#X.......
.#..##.#h###...
#.....L## . ..
.#.##.4## # #. #
#@#..#. .# #
#.#### . ###


You could see a starcursed mass, a lich, a large abomination, a raiju and a
friendly orange demon.

Vanquished Creatures
  A centaur warrior (D:12)
  A spatial maelstrom (Abyss:1)
  An orange demon (Abyss:1)
  An ancient zyme (Abyss:1)
  A silent spectre (Abyss:1)
  3 two-headed ogres
  Prince Ribbit (D:6)
  A raiju (Abyss:1)
  A deep elf fighter (D:8)
  A hungry ghost (D:12)
  A ynoxinul (Abyss:1)
  Grum (D:10)
  2 mottled dragons (D:12)
  A hippogriff (Lair:1)
  6 yaks
  4 wolves (D:10)
  2 soldier ants
  An ice beast (D:9)
  3 orc warriors
  A porcupine (Lair:1)
  11 ogres
  An eye of draining (D:11)
  3 sky beasts
  2 black bears
  2 large abominations (Abyss:1)
  2 small abominations (Abyss:1)
  6 centaurs
  3 big kobolds
  6 giant frogs
  5 crocodiles
  A wyvern zombie (D:10)
  5 wights
  9 killer bees
  2 scorpions
  4 crimson imps
  2 centaur zombies
  A giant frog zombie (D:5)
  5 hounds
  Crazy Yiuf (D:6)
  A centaur skeleton (D:8)
  6 orc priests
  2 giant frog skeletons (D:7)
  6 worker ants
  11 orc wizards
  An iguana (D:7)
  2 quasits
  A hound zombie (D:8)
  A hound skeleton (D:9)
  A worker ant zombie (D:5)
  Robin (D:2)
  14 gnolls
  12 adders
  2 shadow imps (D:9)
  A river rat (D:8)
  2 ufetubi (Abyss:1)
  An ooze (D:2)
  2 worms (D:3)
  2 adder skeletons
  A giant gecko (D:5)
  24 orcs
  14 bats
  6 giant cockroaches
  26 hobgoblins
  9 jackals
  5 quokkas
  3 ball pythons
  A ball python skeleton (D:4)
  2 giant newts (D:2)
  43 goblins
  A jackal skeleton (D:5)
  16 kobolds
  14 rats
339 creatures vanquished.

Vanquished Creatures (collateral kills)
  Gastronok (Lair:1)
  Snorg (D:10)
  A hill giant (D:11)
  A manticore (D:12)
  An orange demon (Abyss:1)
  A gargoyle (D:12)
  A troll (D:12)
  A trapdoor spider (D:11)
  A ynoxinul (Abyss:1)
  2 wasps
  A crocodile (D:12)
  4 wights (D:9)
  2 orc wizards
  A small abomination (Abyss:1)
  An orc (D:10)
20 creatures vanquished.

Vanquished Creatures (others)
  An adder (D:4)
  A quokka (D:4)
  A fungus (D:8)
  2 starspawn tentacles (Abyss:1)
  58 starspawn tentacle segments (Abyss:1)
63 creatures vanquished.

Grand Total: 422 creatures vanquished

Notes
Turn   | Place    | Note
--------------------------------------------------------------
     0 | D:1      | Gruud the Demonspawn Transmuter began the quest for the Orb.
     0 | D:1      | Reached XP level 1. HP: 15/15 MP: 3/3
    65 | D:1      | Reached skill level 3 in Unarmed Combat
   156 | D:1      | Gained mutation: You are partially covered in slimy green scales (AC +2). [demonic ancestry]
   156 | D:1      | Reached XP level 2. HP: 16/21 MP: 3/5
   160 | D:1      | Learned a level 2 spell: Sticks to Snakes
  1149 | D:2      | Noticed Robin
  1202 | D:2      | Reached XP level 3. HP: 23/26 MP: 6/6
  1272 | D:2      | Gained mutation: You have sharp toenails. [potion of beneficial mutation]
  1283 | D:2      | Killed Robin
  1762 | D:2      | Found a sparkling altar of Nemelex Xobeh.
  2305 | D:2      | Reached XP level 4. HP: 17/33 MP: 7/7
  2868 | D:3      | Reached skill level 1 in Armour
  2879 | D:3      | Reached skill level 4 in Unarmed Combat
  3073 | D:3      | Found an opulent altar of Gozag.
  3664 | D:3      | Gained mutation: You are mostly covered in slimy green scales (AC +3). [demonic ancestry]
  3664 | D:3      | Reached XP level 5. HP: 27/38 MP: 8/8
  3704 | D:4      | Noticed nublet's ghost (novice DsGl)
  4516 | D:4      | Reached skill level 6 in Fighting
  4516 | D:4      | Reached skill level 5 in Armour
  4516 | D:4      | Reached skill level 9 in Unarmed Combat
  4516 | D:4      | Gained mutation: You have razor-sharp toenails. [demonic ancestry]
  4516 | D:4      | Reached XP level 6. HP: 43/53 MP: 9/9
  4565 | D:4      | Found an iron altar of Okawaru.
  4583 | D:4      | Got a bloodstained hunting sling
  4584 | D:4      | Identified the +7 hunting sling of Ru's Scorn {freeze, rN+ Str+2} (You found it on level 4 of the Dungeon)
  4742 | D:4      | Found a staircase to the Ecumenical Temple.
  4751 | Temple   | Entered the Ecumenical Temple
  4834 | Temple   | Became a worshipper of Makhleb the Destroyer
  4965 | D:5      | Entered Level 5 of the Dungeon
  5283 | D:5      | Reached XP level 7. HP: 59/59 MP: 10/10
  5718 | D:5      | Noticed youngkai's ghost (novice MiBe)
  5975 | D:6      | Noticed Prince Ribbit
  5981 | D:6      | Reached * piety under Makhleb
  5990 | D:6      | Gained mutation: When hurt, damage is shared between your health and your magic reserves. [demonic ancestry]
  5990 | D:6      | Reached XP level 8. HP: 58/65 MP: 11/11
  6257 | D:6      | Reached ** piety under Makhleb
  6416 | D:6      | Noticed Blork the orc
  6556 | D:6      | Killed Prince Ribbit
  6825 | D:6      | Found Kyorupih's Assorted Antiques.
  6872 | D:6      | Bought a scroll of teleportation for 69 gold pieces
  6872 | D:6      | Bought a ruby potion for 20 gold pieces
  6872 | D:6      | Bought a murky puce potion for 20 gold pieces
  6872 | D:6      | Bought a scroll labeled NUFESI BAMITEN for 23 gold pieces
  6872 | D:6      | Bought a short fluorescent wand for 92 gold pieces
  6971 | D:6      | Noticed Crazy Yiuf
  6975 | D:6      | Killed Crazy Yiuf
  7157 | D:7      | Learned a level 2 spell: Stoneskin
  7163 | D:7      | Learned a level 5 spell: Blade Hands
  7293 | D:7      | Reached *** piety under Makhleb
  7399 | D:7      | Reached skill level 10 in Unarmed Combat
  7477 | D:7      | Found a shadowy altar of Dithmenos.
  7946 | D:7      | Gained mutation: You are slightly more attuned to the shadows. [demonic ancestry]
  7946 | D:7      | Reached XP level 9. HP: 69/72 MP: 10/12
  7958 | D:7      | Found a shattered altar of Ashenzari.
  8416 | D:8      | Reached **** piety under Makhleb
  8528 | D:8      | Found a staircase to the Lair.
  8552 | D:8      | Reached skill level 1 in Invocations
  8718 | D:8      | Gained mutation: You expend magic power (3 MP) to strengthen your wands. [mutagenic meat]
  8719 | D:8      | Gained mutation: Your flesh is heat resistant. [mutagenic meat]
  8720 | D:8      | Gained mutation: Your flesh is cold resistant. [mutagenic meat]
  8728 | D:8      | okay, that's lucky enough on mutation roulette
  9340 | D:9      | Reached ***** piety under Makhleb
  9367 | D:9      | Identified a scroll of acquirement
  9584 | D:9      | Found an ancient bone altar of Kikubaaqudgha.
  9584 | D:9      | Found a deep blue altar of Sif Muna.
  9637 | D:9      | Gained mutation: You are significantly more attuned to the shadows. [demonic ancestry]
  9637 | D:9      | Reached XP level 10. HP: 72/80 MP: 10/13
  9816 | D:9      | Reached skill level 11 in Unarmed Combat
 10142 | D:10     | Entered Level 10 of the Dungeon
 10298 | D:10     | Learned a level 2 spell: Cure Poison
 10315 | D:10     | Noticed Grum
 10349 | D:10     | Killed Grum
 10451 | D:10     | Found Alosk's Antique Weapon Shoppe.
 10678 | D:10     | Noticed Snorg
 10691 | D:10     | Killed Snorg
 10918 | D:11     | Found a staircase to the Orcish Mines.
 11491 | D:11     | Gained mutation: You regenerate magic rapidly. [demonic ancestry]
 11491 | D:11     | Reached XP level 11. HP: 87/89 MP: 14/14
 11502 | D:11     | Noticed a hill giant
 11511 | D:11     | Killed a hill giant
 11905 | D:11     | Found a snail-covered altar of Cheibriados.
 12927 | D:12     | Reached skill level 12 in Unarmed Combat
 13233 | D:12     | Noticed a centaur warrior
 13242 | D:12     | Killed a centaur warrior
 13870 | Lair:1   | Entered Level 1 of the Lair of Beasts
 13956 | Lair:1   | Noticed Gastronok
 13966 | Lair:1   | Noticed Sonja
 13967 | Lair:1   | Killed Gastronok
 13973 | Lair:1   | Cast into the Abyss (Sonja)
 14260 | Abyss:1  | Found a corrupted altar of Lugonu.
 14462 | Abyss:1  | Noticed a spatial maelstrom
 14509 | Abyss:1  | Noticed a white draconian
 14649 | Abyss:1  | Noticed a spatial maelstrom
 14658 | Abyss:1  | Killed a spatial maelstrom
 14679 | Abyss:1  | Noticed a cacodemon
 14685 | Abyss:1  | Noticed a wretched star
 14685 | Abyss:1  | Gained mutation: Your magical capacity is low (-10% MP). [a cacodemon]
 15041 | Abyss:1  | Noticed a tentacled starspawn
 15044 | Abyss:1  | Noticed a starcursed mass
 15052 | Abyss:1  | Noticed a thrashing horror
 15056 | Abyss:1  | Noticed a starcursed mass
 15064 | Abyss:1  | Noticed a tentacled starspawn
 15079 | Abyss:1  | Noticed a starcursed mass
 15087 | Abyss:1  | Noticed a salamander stormcaller
 15536 | Abyss:1  | Noticed a starcursed mass
 15538 | Abyss:1  | Noticed a bone dragon
 15539 | Abyss:1  | Noticed a starcursed mass
 15542 | Abyss:1  | Noticed a starcursed mass
 15682 | Abyss:1  | Reached skill level 10 in Fighting
 15715 | Abyss:1  | Noticed a lich
 15718 | Abyss:1  | Noticed a starcursed mass
 15724 | Abyss:1  | Killed from afar by a lich

Vault maps used:
D:1:      lightli_arrival_flooded_house
D:2:      minmay_misc_feat_diagonals, nemelex_deck, uniq_robin
D:3:      first_bread, nicolae_gozag_seed_capital
D:4:      okawaru_ov_weapons_minmay, lemuel_temple_firewalk_marked,
          glass_columns_c, corexii_hall_statues_x
D:5:      minmay_misc_feat_secret_circle, dk_noncrumbling_4, minivault_5
D:6:      minmay_goblin_kobold_castle, serial_shops, shop,
          uniq_crazy_yiuf_cottage, uniq_blork_the_orc, uniq_prince_ribbit1
D:7:      nicolae_dithmenos_shadow_blocks, nicolae_overflow_hidden_temple
D:8:      grunt_lair_entry_elf_guard_hut, grunt_ogre_cave
D:9:      gammafunk_temple_overflow_wave, minmay_misc_feat_alley
D:10:     serial_shops, shop, kennysheep_generic_room_14, uniq_grum, uniq_snorg
D:11:     david_orc_3, basic_altar
Temple:   nicolae_temple_figure_eight
Lair:1:   st_stairs_13, serial_bayou_pond_d, serial_bayou_shore_a, uniq_sonja,
          uniq_gastronok
Abyss:1:  minivault_28

Action                   |  1- 3 |  4- 6 |  7- 9 | 10-12 || total
-------------------------+-------+-------+-------+-------++-------
Melee: Unarmed           |   199 |   331 |   523 |   625 ||  1678
       Dagger            |       |     9 |       |       ||     9
 Fire: Hunting sling     |       |    16 |       |       ||    16
       Blowgun           |       |       |       |     5 ||     5
Throw: Javelin           |       |     8 |    27 |       ||    35
       Tomahawk          |       |       |     9 |       ||     9
 Cast: Beastly Appendage |     7 |       |       |       ||     7
Invok: Lesser Servant of |       |       |     2 |    28 ||    30
Evoke: Wand              |       |       |       |     4 ||     4
  Use: Scroll            |     2 |    10 |    14 |     9 ||    35
       Potion            |     1 |     2 |       |     8 ||    11
 Stab: Sleeping          |       |     1 |    11 |    17 ||    29
       Distracted        |       |       |       |     1 ||     1
  Eat: Chunk             |     1 |     9 |    17 |    16 ||    43
       Bread ration      |     1 |       |       |       ||     1
       Beef jerky        |       |       |       |     3 ||     3
       Royal jelly       |       |       |       |     1 ||     1
       Pizza             |       |       |       |     1 ||     1
